 Dungeon Crawl Stone Soup version 0.20-a0-540-ge6d1839 (webtiles) character file.

422 Alarkh the Chopper (level 6, -15/47 HPs)
             Began as a Demonspawn Monk on Jan 29, 2017.
             Demolished by a two-headed ogre
             ... wielding a +0 giant spiked club
              (30 damage)
             ... on level 5 of the Dungeon.
             The game lasted 00:03:29 (3008 turns).

Alarkh the Chopper (Demonspawn Monk)                Turns: 3008, Time: 00:03:30

Health: -15/47     AC:  5    Str: 11    XL:     6   Next: 63%
Magic:  6/6        EV: 12    Int: 18    God:
Gold:   187        SH:  0    Dex: 16    Spells: 5/5 levels left

rFire    . . .     SeeInvis .   w - +1 war axe (drain)
rCold    . . .     Gourm    .   d - +0 leather armour (curse)
rNeg     . . .     Faith    .   (no shield)
rPois    .         Spirit   .   (helmet restricted)
rElec    .         Reflect  .   (no cloak)
rCorr    .         Harm     .   (no gloves)
MR       +....                  (no boots)
Stlth    +++.......             (no amulet)
Regen    0.2/turn               t - ring of stealth
                                n - ring of protection from magic

@: brilliant, drained
A: horns 1, yellow scales 1, powered by death 1, rot immunity
a: no special abilities


You were on level 5 of the Dungeon.
You were not hungry.

You visited 1 branch of the dungeon, and saw 5 of its levels.

You collected 187 gold pieces.

Inventory:

Hand Weapons
 a - a +4 antimagic hand axe
 p - a +0 hand axe
 w - a +1 war axe of draining (weapon)
Armour
 b - a +0 robe
 d - a cursed +0 leather armour (worn)
Jewellery
 n - a ring of protection from magic (left hand)
 t - a ring of stealth (right hand)
 u - an uncursed ring of protection from fire
Wands
 y - a wand of scattershot (4/9)
Scrolls
 e - a scroll of identify
 g - a scroll of magic mapping {unknown}
 h - 3 scrolls of teleportation {unknown}
 j - 2 scrolls of remove curse {unknown}
 m - 2 scrolls of recharging {unknown}
 q - 2 scrolls of random uselessness
 v - a scroll of amnesia {unknown}
Potions
 k - a potion of mutation
 l - 3 potions of curing
 o - a potion of flight {unknown}
 s - a potion of brilliance
 x - a potion of heal wounds {unknown}
Comestibles
 c - 2 bread rations
 f - 3 meat rations
 i - 14 chunks of flesh
 r - a royal jelly


   Skills:
 - Level 3.0(2.2) Fighting
 + Level 6.9(6.1) Axes
 - Level 2.6(1.9) Dodging
 - Level 1.7(1.0) Stealth


You had 5 spell levels left.
You didn't know any spells.

Dungeon Overview and Level Annotations

Branches:
Dungeon (5/15)
 Temple: D:4-7

Altars:
Kikubaaqudgha
Nemelex Xobeh
The Shining One

Annotations:
D:4 Grinder, Pikel


Innate Abilities, Weirdness & Mutations

You have a pair of small horns on your head.
You are partially covered in yellow scales. (AC +2)
You regenerate a little health from kills.
You are immune to rotting.


Message History

A two-headed ogre comes into view. It is wielding two giant spiked clubs.
It was a potion of brilliance.
You feel clever all of a sudden.
The helpless two-headed ogre fails to defend itself.
You slash the two-headed ogre!
The two-headed ogre is lightly wounded.
The two-headed ogre completely misses you.
The two-headed ogre barely misses you.
You slash the two-headed ogre!
The two-headed ogre is moderately wounded.
The two-headed ogre hits you with a giant spiked club! x2
You hear an angry hiss.
You are too injured to fight recklessly!
You are too injured to fight recklessly!
You are too injured to fight recklessly!
You hit the two-headed ogre. You drain the two-headed ogre!
The two-headed ogre is moderately wounded.
The two-headed ogre hits you with a giant spiked club!!
Ouch! That really hurt!
You die...

##........ #..#.#
....#####. #.##.#
)...# #.##.#
....# #.##.#
###.#
#######.##.# #.#
...........# .. #
######.#### ###
#.###.#########.#
......O@........#
..###.###########
#


You could see a two-headed ogre.

Vanquished Creatures
  A slave (D:5)
  The ghost of mopl the Slasher, an amateur BaFi (D:3)
  A scorpion (D:4)
  2 hounds
  An orc priest (D:5)
  A bullfrog skeleton (D:3)
  An orc wizard (D:4)
  A worker ant (D:5)
  4 adders
  5 dart slugs
  A leopard gecko (D:2)
  7 orcs
  5 giant cockroaches
  10 goblins
  6 hobgoblins
  4 jackals
  3 quokkas
  A ball python (D:4)
  5 bats
  5 frilled lizards
  4 kobolds
  5 rats
74 creatures vanquished.

Notes
Turn   | Place    | Note
-------+----------+-------------------------------------------
     0 | D:1      | Alarkh the Demonspawn Monk began the quest for the Orb.
     0 | D:1      | Reached XP level 1. HP: 18/18 MP: 1/1
    94 | D:1      | Reached skill level 3 in Axes
   175 | D:1      | Gained mutation: You have a pair of small horns on your head. [demonic ancestry]
   175 | D:1      | Reached XP level 2. HP: 21/24 MP: 2/2
   671 | D:1      | You fall through a shaft!
  1188 | D:2      | Found a sparkling altar of Nemelex Xobeh.
  1219 | D:2      | Gained mutation: You are partially covered in yellow scales. (AC +2) [demonic ancestry]
  1219 | D:2      | Reached XP level 3. HP: 29/29 MP: 3/3
  1299 | D:2      | Reached skill level 4 in Axes
  1781 | D:3      | Found a glowing golden altar of the Shining One.
  1804 | D:3      | Reached XP level 4. HP: 13/35 MP: 1/4
  2038 | D:3      | Reached skill level 5 in Axes
  2049 | D:3      | Found an ancient bone altar of Kikubaaqudgha.
  2079 | D:3      | Gained mutation: You regenerate a little health from kills. [demonic ancestry]
  2079 | D:3      | Reached XP level 5. HP: 27/41 MP: 1/5
  2315 | D:3      | Noticed mopl's ghost (amateur BaFi)
  2340 | D:3      | Killed mopl's ghost
  2340 | D:3      | Reached skill level 6 in Axes
  2603 | D:4      | Gained mutation: You are immune to rotting. [demonic ancestry]
  2603 | D:4      | Reached XP level 6. HP: 27/47 MP: 2/6
  2810 | D:4      | Noticed a slave
  2810 | D:4      | Noticed a slave
  2811 | D:4      | Noticed a slave
  2811 | D:4      | Noticed Pikel
  2812 | D:4      | Noticed a slave
  2812 | D:4      | Noticed Grinder
  2821 | D:5      | Entered Level 5 of the Dungeon
  2828 | D:5      | Killed a slave
  2998 | D:5      | Noticed a two-headed ogre
  3008 | D:5      | Demolished by a two-headed ogre

Vault maps used:
D:1:      dpeg_arrival_court
D:2:      lemuel_crystal_altar
D:3:      kiku_gazebo_garden_becter, tso_altar
D:4:      kennysheep_mini, trog_butcher_becter, uniq_grinder, uniq_pikel,
          uniq_menkaure
D:5:      first_bread

Skill      XL: |  1  2  3  4  5 |
---------------+----------------+-----
Axes           | 3 4 5 6 |  6.9
Fighting       | |  3.0
Dodging        | |  2.6
Stealth        | |  1.7

Action                   |  1- 3 |  4- 6 || total
-------------------------+-------+-------++-------
Melee: Hand axe          |    89 |   138 ||   227
       Headbutt          |     8 |    23 ||    31
       War axe           |       |     3 ||     3
  Use: Scroll            |     5 |       ||     5
       Potion            |       |     3 ||     3
 Stab: Sleeping          |    11 |     6 ||    17
  Eat: Chunk             |     3 |     4 ||     7
Armor: Robe              |     8 |       ||     8
       Leather armour    |    12 |    33 ||    45
       Skin              |       |    13 ||    13
Dodge: Dodged            |    67 |    91 ||   158
